 Dungeon Crawl Stone Soup version 0.22-a0-40-g3d2f077def (webtiles) character file.

239518 Kaname the Devastator (level 18, 0/201 HPs)
             Began as a Demonspawn Wizard on Jan 5, 2018.
             Was the Champion of Vehumet.
             Succumbed to a redback's poison
             ... on level 4 of the Spider Nest on Jan 6, 2018.
             The game lasted 03:55:15 (44494 turns).

Kaname the Devastator (Demonspawn Wizard)          Turns: 44494, Time: 03:55:15

Health: 0/201      AC: 10    Str: 13 (14) XL:     18   Next: 59%
Magic:  0/44       EV: 12    Int: 24 (25) God:    Vehumet [******]
Gold:   1838       SH:  7    Dex:  8 (13) Spells: 1/43 levels left

rFire    + . .     SeeInvis +   a - +2 dagger (elec)
rCold    + . .     Gourm    .   J - +0 buckler
rNeg     + . .     Faith    .   K - +5 ring mail of the Quahog {MR+ Slay+5}
rPois    +         Spirit   +   S - -2 hat of the Alchemist {rElec rPois rF+ rC+ rN+ MR+ rMut rCorr}
rElec    +         Reflect  +   b - scarf {repulsion}
rCorr    +         Harm     .   (gloves unavailable)
rMut     +                      w - +1 pair of boots {run}
MR       +++..                  l - +3 amulet of reflection
Stlth    ..........             T - ring of magical power
HPRegen  0.43/turn              r - ring of see invisible
MPRegen  0.58/turn

@: berserking (expiring), lethally poisoned (0 -> -7), slowed, repel missiles,
quick
A: claws 3, nightstalker 2, magic shield, magic regeneration, magic link, sturdy
frame 1
}: 2/15 runes: decaying, gossamer
a: Renounce Religion


You were on level 4 of the Spider Nest.
You worshipped Vehumet.
Vehumet was exalted by your worship.
You were not hungry.

You visited 8 branches of the dungeon, and saw 34 of its levels.
You also visited: Labyrinth and Bailey.

You collected 3683 gold pieces.
You spent 1845 gold pieces at shops.

Inventory:

Hand Weapons
 a - a +2 dagger of electrocution (weapon)
 V - a +0 blowgun
 W - a +1 dagger of distortion
Missiles
 c - 8 throwing nets (quivered)
 g - 581 arrows
 X - 4 curare-tipped needles
Armour
 b - a scarf of repulsion (worn)
 w - a +1 pair of boots of running (worn)
 J - a +0 buckler (worn)
 K - the +5 ring mail of the Quahog (worn) {MR+ Slay+5}
   (You found it on level 6 of the Dungeon)

   It affects your accuracy and damage with ranged weapons and melee attacks
   (+5).
   It affects your resistance to hostile enchantments.
 S - the -2 hat of the Alchemist (worn) {rElec rPois rF+ rC+ rN+ MR+ rMut rCorr}
   (You found it on level 8 of the Dungeon)

   It protects you from fire.
   It protects you from cold.
   It insulates you from electricity.
   It protects you from poison.
   It protects you from negative energy.
   It affects your resistance to hostile enchantments.
   It protects you from acid and corrosion.
   It protects you from mutation.
Jewellery
 l - a +3 amulet of reflection (around neck)
 r - a ring of see invisible (right claw)
 E - an uncursed amulet of magic regeneration
 P - the ring "Jybbupsa" {rN+ Slay+2 Stlth+}
   (You found it on level 8 of the Dungeon)

   [ring of positive energy]

   It affects your accuracy and damage with ranged weapons and melee attacks
   (+2).
   It protects you from negative energy.
   It makes you more stealthy.
 T - a ring of magical power (left claw)
Wands
 s - a wand of enslavement (31)
 v - a wand of disintegration (13)
 C - a wand of digging (30)
 L - a wand of iceblast (9)
 N - a wand of polymorph (37)
 O - a wand of scattershot (2)
Scrolls
 e - 2 scrolls of magic mapping
 i - 9 scrolls of teleportation
 k - 9 scrolls of enchant armour
 n - 13 scrolls of remove curse
 u - 9 scrolls of enchant weapon
 y - 6 scrolls of fear
 z - a scroll of brand weapon
 B - 7 scrolls of fog
 F - 2 scrolls of blinking
 G - a scroll of silence
 H - 6 scrolls of immolation
 M - a scroll of summoning
Potions
 f - a potion of invisibility
 h - 2 potions of brilliance
 j - 4 potions of flight
 m - 5 potions of mutation
 o - 4 potions of curing
 p - 10 potions of lignification
 q - 5 potions of ambrosia
 t - 4 potions of haste
 A - 4 potions of cancellation
 D - 3 potions of might
 I - 7 potions of agility
 U - 7 potions of resistance
Books
 Y - a book of Enchantments

   Spells                             Type                      Level
   a - Cause Fear                     Hexes                        4
   b - Yara's Violent Unravelling     Hexes/Transmutation          5
   c - Silence                        Hexes/Air                    5
   d - Deflect Missiles               Charms/Air                   6
   e - Discord                        Hexes                        8
 Z - a book of Power

   Spells                             Type                      Level
   a - Iskenderun's Battlesphere      Conjuration/Charms           5
   b - Venom Bolt                     Conjuration/Poison           5
   c - Bolt of Magma                  Conjuration/Fire/Earth       5
   d - Iron Shot                      Conjuration/Earth            6
   e - Orb of Destruction             Conjuration                  7
   f - Spellforged Servitor           Conjuration/Summoning        7
Miscellaneous
 x - a crystal ball of energy
Comestibles
 d - 29 rations


   Skills:
 - Level 10.0 Fighting
 - Level 7.0 Short Blades
 - Level 2.1 Armour
 - Level 5.0 Dodging
 - Level 10.0 Stealth
 - Level 4.1 Shields
 - Level 13.0 Spellcasting
 - Level 15.0 Conjurations
 - Level 5.0 Hexes
 - Level 10.0 Summonings
 - Level 2.0 Translocations
 + Level 9.7 Fire Magic
 - Level 10.0 Ice Magic
 - Level 10.0 Air Magic
 - Level 6.3 Poison Magic


You had one spell level left.
You knew the following spells:

 Your Spells              Type           Power        Failure   Level  Hunger
a - Poison Arrow          Conj/Pois      ######....   3%          6    #####..
b - Blink                 Tloc           N/A          3%          2    None
c - Fireball              Conj/Fire      ######....   1%          5    ###....
d - Conjure Ball Lightni  Conj/Air       ######....   1%          6    #####..
e - Freezing Cloud        Conj/Ice/Air   ######....   1%          6    #####..
f - Ensorcelled Hibernat  Hex/Ice        ######       1%          2    None
g - Discord               Hex            #####.....   100%        8    #######
h - Spellforged Servitor  Conj/Summ      ######....   8%          7    ######.


Dungeon Overview and Level Annotations

Branches:
Dungeon (15/15)            Temple (1/1) D:5            Lair (6/6) D:8
  Swamp (4/4) Lair:3       Spider (4/4) Lair:4        Slime (1/5) Lair:6
    Orc (2/2) D:9             Elf (1/3) Orc:2        Vaults (0/5) D:14
 Depths (0/5) D:15

Altars:
Ashenzari
Cheibriados
Dithmenos
Elyvilon
Fedhas
Gozag
Hepliaklqana
Kikubaaqudgha
Makhleb
Nemelex Xobeh
Okawaru
Qazlal
Ru
Sif Muna
Trog
Uskayaw
Vehumet
Wu Jian
Xom
Yredelemnul
Zin
The Shining One
Beogh
Jiyva

Shops:
D:8 :   Orc:2 *%:*

Annotations:
Swamp:1 exclusion: Roxanne, Roxanne


Innate Abilities, Weirdness & Mutations

You have claws for hands.
You are significantly more attuned to the shadows.
When hurt, damage is shared between your health and your magic reserves.
You regenerate magic rapidly.
When low on magic, you restore magic in place of health.
Your movements are slightly less encumbered by armour. (ER -2)


Message History

You feel sick. You block the redback's attack.
The wolf spider hits you but does no damage.
The wolf spider bites you but does no damage.
Unknown command.
Unknown command.
You are too berserk!
Unknown command.
You puncture the wolf spider!
The wolf spider is moderately wounded.
You feel sick. The redback bites you!
* * * LOW HITPOINT WARNING * * *
The wolf spider hits you!!
* * * LOW HITPOINT WARNING * * *
You block the wolf spider's attack.
Unknown command.
Unknown command.
You are too berserk!
You closely miss the wolf spider.
The wolf spider is moderately wounded.
You die...

*,,,,,,,*,,,,,^*,,,*
**,,,*,,,,,,,*,**,,^*
*****^,,**,^,,,,,***,,,,*
,,,†,,*,,,,..,#.,,*,..,,*
*****,,,,**#..#.*,*...,,*
*,,,,*,#..#.###..#,,*
**,,^,,*#.........,,*
*,,^,,,*#..sw....,,*
**,^,,,^#.s@####),,*
**,,,,,,##...#..##^,*
**^,,,,,*#........####
**,,,,,<,,##.......#..#
**,,,,,**[,,#..........#
#*,,,,*****,,#..###.....#
#,,,,,,**^,,,###*,#..#..#
###,*,****,,,,**.....#..#
..###** *,,,,,*....##.^#


You could see a torpor snail, a wolf spider and a redback.

Vanquished Creatures
  An acid blob (Slime:1)
  4 thorn hunters (Swamp:3)
  Louise (Swamp:2)
  2 emperor scorpions
  5 ghost moths (Spider:4)
  4 entropy weavers
  Nessos (Lair:6)
  6 dire elephants (Lair:6)
  4 spark wasps
  Snorg (Orc:2)
  The ghost of brujo666 the Fencer, a journeyman DsMo of Okawaru (Lair:4)
  A minotaur (Lab)
  The ghost of scienide the Slinger, a journeyman HaHu of Okawaru (D:10)
  Harold (Lair:4)
  An ogre mage (D:15)
  A vault guard (D:14)
  3 ghost crabs (Swamp:2)
  26 hydras
  The ghost of Harunobu the Basher, a novice TrFi of Okawaru (Lair:1)
  Erica (Lair:2)
  3 centaur warriors
  An anaconda (Lair:6)
  9 two-headed ogres
  15 alligators
  6 dancing weapons (Spider:2)
  9 death yaks
  Urug (D:15)
  3 orc high priests (Orc:2)
  A deep elf knight (D:14)
  Sonja (D:12)
  A spriggan druid (Swamp:4)
  5 wizards
  An unseen horror (D:15)
  3 shambling mangroves
  11 swamp dragons
  5 lindwurms
  A necromancer (D:14)
  10 orc knights
  A wolf spider zombie (D:15)
  21 orb spiders
  6 deep elf magi
  2 oklob plants (Lair:3)
  A mana viper (shapeshifter) (D:15)
  3 orc sorcerers (Orc:2)
  A manticore (D:15)
  4 cyclopes
  27 wolf spiders
  15 ugly things
  17 elephants
  Joseph (D:10)
  A black mamba (Lair:5)
  2 naga magi (D:15)
  25 spiny frogs
  A gargoyle (D:11)
  A yaktaur (D:14)
  16 demonic crawlers
  3 rime drakes
  13 komodo dragons
  A queen bee (Lair:3)
  3 meliai (D:15)
  A tengu conjurer (D:14)
  4 tyrant leeches
  A polar bear (Lair:6)
  29 jumping spiders
  8 trolls
  10 blink frogs
  26 hornets
  24 slime creatures
  5 bog bodies
  10 dream sheep
  12 hippogriffs
  Sigmund (D:3)
  A shadow (D:14)
  3 wyverns
  5 spriggans
  59 redbacks
  35 tarantellas
  2 wraiths
  A vampire (D:14)
  19 humans (D:14)
  45 yaks
  7 basilisks
  17 vampire mosquitoes
  A steam dragon (Lair:3)
  Grum (Lair:1)
  4 hungry ghosts
  2 wargs (Orc:2)
  4 insubstantial wisps
  26 swamp worms
  2 acid dragons (D:11)
  2 soldier ants
  12 water moccasins
  3 sky beasts
  8 porcupines
  36 orc warriors
  9 swamp drakes
  18 ogres
  A phantom (D:11)
  A hornet zombie (D:10)
  An eye of draining (D:13)
  7 ice beasts
  2 black bears
  A necrophage (D:12)
  7 wolves
  6 centaurs
  15 crocodiles
  4 big kobolds
  11 bullfrogs
  A wyvern zombie (D:14)
  3 scorpions
  38 killer bees
  13 wights
  A howler monkey (D:4)
  3 electric eels (Lair:3)
  7 crimson imps
  3 centaur zombies
  2 hounds
  3 jellies
  19 orc priests
  Crazy Yiuf (D:3)
  A bullfrog skeleton (D:8)
  4 centaur skeletons
  29 orc wizards
  3 iguanas
  10 worker ants
  A hound zombie (D:7)
  2 hound skeletons
  3 worker ant zombies
  13 adders
  3 shadow imps
  An adder zombie (D:6)
  An adder skeleton (D:8)
  5 worms
  A ball lightning (Spider:2)
  2 dart slugs
  8 leopard geckos
  96 orcs
  4 giant cockroaches
  8 goblins
  A hobgoblin (D:3)
  16 jackals
  23 kobolds
  8 quokkas
  2 bats
  3 frilled lizards
  10 rats
  7 briar patches (Swamp:3)
  7 fungi
  5 plants
1197 creatures vanquished.

Vanquished Creatures (collateral kills)
  An emperor scorpion (Spider:1)
  A dancing weapon (Spider:2)
  A swamp dragon (Swamp:4)
  A wolf spider (Spider:3)
  2 tarantellas (Spider:2)
  2 redbacks (Spider:3)
8 creatures vanquished.

Vanquished Creatures (others)
  A centaur warrior (D:15)
  A wolf spider (Spider:4)
  225 ball lightnings
  A jumping spider (Spider:1)
  An orc priest (Orc:2)
  22 fungi
  21 plants
272 creatures vanquished.

Grand Total: 1477 creatures vanquished

Notes
Turn   | Place    | Note
-------+----------+-------------------------------------------
     0 | D:1      | Kaname the Demonspawn Wizard began the quest for the Orb.
     0 | D:1      | Reached XP level 1. HP: 13/13 MP: 4/4
   276 | D:1      | Reached skill level 2 in Conjurations
   287 | D:1      | Gained mutation: When hurt, damage is shared between your health and your magic reserves. [demonic ancestry]
   287 | D:1      | Reached XP level 2. HP: 7/19 MP: 0/6
   349 | D:1      | Learned a level 2 spell: Blink
   838 | D:2      | Reached skill level 3 in Conjurations
   844 | D:2      | Reached XP level 3. HP: 20/24 MP: 1/7
   864 | D:2      | Learned a level 3 spell: Mephitic Cloud
   880 | D:2      | Reached skill level 1 in Translocations
  1045 | D:2      | Reached skill level 1 in Poison Magic
  1524 | D:3      | Reached XP level 4. HP: 28/30 MP: 8/8
  1539 | D:3      | Learned a level 3 spell: Conjure Flame
  1554 | D:3      | Noticed Sigmund
  1579 | D:3      | Killed Sigmund
  1579 | D:3      | Reached skill level 5 in Conjurations
  1579 | D:3      | Gained mutation: You are slightly more attuned to the shadows. [demonic ancestry]
  1579 | D:3      | Reached XP level 5. HP: 19/35 MP: 2/9
  1622 | D:3      | Found a sacrificial altar of Ru.
  1964 | D:3      | Found a runed door.
  2030 | D:3      | Found a stormy altar of Qazlal.
  2219 | D:3      | Noticed Crazy Yiuf
  2237 | D:3      | Killed Crazy Yiuf
  2237 | D:3      | Reached XP level 6. HP: 28/41 MP: 3/10
  2300 | D:4      | Reached skill level 6 in Conjurations
  2695 | D:4      | Reached skill level 1 in Air Magic
  2762 | D:4      | Reached XP level 7. HP: 40/46 MP: 5/13
  2895 | D:4      | Found a snail-covered altar of Cheibriados.
  2975 | D:5      | Entered Level 5 of the Dungeon
  3113 | D:5      | Found a staircase to the Ecumenical Temple.
  3149 | Temple   | Entered the Ecumenical Temple
  3192 | Temple   | Became a worshipper of Vehumet
  3766 | D:6      | Reached skill level 7 in Conjurations
  3810 | D:6      | Reached skill level 1 in Fire Magic
  3880 | D:6      | Gained mutation: You regenerate magic rapidly. [demonic ancestry]
  3880 | D:6      | Reached XP level 8. HP: 48/52 MP: 7/14
  3905 | D:6      | Found an ornate altar of the Wu Jian Council.
  4098 | D:6      | Got a pitted ring mail
  4109 | D:6      | Identified the +5 ring mail of the Quahog {MR+ Slay+5} (You found it on level 6 of the Dungeon)
  4248 | D:7      | Noticed a red ugly thing
  4266 | D:7      | Reached skill level 8 in Conjurations
  4397 | D:7      | Got a crude trident
  4406 | D:7      | Identified the +4 trident of the Priest {elec, rPois} (You found it on level 7 of the Dungeon)
  4622 | D:7      | Reached * piety under Vehumet
  4622 | D:7      | Offered knowledge of Sandblast by Vehumet.
  4626 | D:7      | Reached skill level 9 in Conjurations
  4945 | D:8      | Found Mahiomn's Book Shoppe.
  5000 | D:8      | Bought a book of Flames for 420 gold pieces
  5006 | D:8      | Learned a level 5 spell: Fireball
  5069 | D:8      | Gained mutation: Your movements are slightly less encumbered by armour. (ER -2) [demonic ancestry]
  5069 | D:8      | Reached XP level 9. HP: 57/57 MP: 12/15
  5070 | D:8      | Noticed a two-headed ogre
  5426 | D:8      | Got a warped turquoise ring
  5428 | D:8      | Identified the ring "Jybbupsa" {rN+ Slay+2 Stlth+} (You found it on level 8 of the Dungeon)
  5435 | D:8      | Noticed a two-headed ogre
  5479 | D:8      | Killed a two-headed ogre
  5479 | D:8      | Reached skill level 5 in Fire Magic
  5652 | D:8      | Killed a two-headed ogre
  5768 | D:8      | Found a staircase to the Lair.
  5874 | D:8      | Found a glowing golden altar of the Shining One.
  5875 | D:8      | Found a glowing silver altar of Zin.
  5876 | D:8      | Found a white marble altar of Elyvilon.
  5924 | D:8      | Gained mutation: You are significantly more attuned to the shadows. [demonic ancestry]
  5924 | D:8      | Reached XP level 10. HP: 63/63 MP: 16/16
  5967 | D:8      | Found the +9 staff of Olgreb {rPois}
  5986 | D:8      | Identified the Volume of Glacial Flight
  6016 | D:8      | Learned a level 2 spell: Ensorcelled Hibernation
  6024 | D:8      | Found the -2 hat of the Alchemist {rElec rPois rF+ rC+ rN+ MR+ rMut rCorr}
  6293 | D:9      | Found a shadowy altar of Dithmenos.
  6481 | D:9      | Reached ** piety under Vehumet
  6481 | D:9      | Offered knowledge of Throw Frost by Vehumet.
  6485 | D:9      | Reached skill level 5 in Spellcasting
  6499 | D:9      | Found an ancient bone altar of Kikubaaqudgha.
  6500 | D:9      | Found a deep blue altar of Sif Muna.
  6879 | D:9      | Offered knowledge of Stone Arrow by Vehumet.
  6896 | D:9      | Reached skill level 10 in Conjurations
  6906 | D:9      | Found a roughly hewn altar of Beogh.
  7083 | D:9      | Found a staircase to the Orcish Mines.
  7304 | D:10     | Entered Level 10 of the Dungeon
  7425 | D:10     | Reached *** piety under Vehumet
  7429 | D:10     | Reached skill level 1 in Fighting
  7486 | D:10     | Noticed Joseph
  7505 | D:10     | Killed Joseph
  7616 | D:10     | Offered knowledge of Iskenderun's Mystic Blast by Vehumet.
  7623 | D:10     | Learned a level 4 spell: Iskenderun's Mystic Blast
  7730 | D:10     | Noticed scienide's ghost (journeyman HaHu)
  7741 | D:10     | Killed scienide's ghost
  7890 | D:10     | Found a snail-covered altar of Cheibriados.
  7897 | D:10     | Gained mutation: You have sharp fingernails. [demonic ancestry]
  7897 | D:10     | Reached XP level 11. HP: 78/78 MP: 14/20
  7943 | D:10     | Reached skill level 5 in Fighting
  8756 | D:7      | Killed a brown ugly thing
  9120 | D:11     | Noticed a six-headed hydra
  9449 | D:11     | Killed a six-headed hydra
  9449 | D:11     | Reached skill level 11 in Conjurations
  9837 | D:12     | Reached **** piety under Vehumet
  9879 | D:12     | Offered knowledge of Yara's Violent Unravelling by Vehumet.
  9903 | D:12     | Reached skill level 12 in Conjurations
  9979 | D:12     | Noticed Sonja
  9980 | D:12     | Killed Sonja
  9997 | D:12     | Noticed a cyan ugly thing
  9999 | D:12     | Noticed a red ugly thing
 10007 | D:12     | Killed a cyan ugly thing
 10011 | D:12     | Killed a cyan ugly thing
 10737 | D:12     | Reached skill level 5 in Short Blades
 10882 | D:12     | Noticed a five-headed hydra
 10922 | D:12     | Killed a five-headed hydra
 10922 | D:12     | Reached XP level 12. HP: 36/86 MP: 7/21
 11396 | Orc:1    | Entered Level 1 of the Orcish Mines
 11419 | Orc:1    | Reached ***** piety under Vehumet
 11423 | Orc:1    | Offered knowledge of Lee's Rapid Deconstruction by Vehumet.
 11621 | D:9      | Reached skill level 1 in Ice Magic
 12118 | Orc:2    | Entered Level 2 of the Orcish Mines
 12175 | Orc:2    | Found a staircase to the Elven Halls.
 12190 | Orc:2    | Noticed a two-headed ogre
 12193 | Orc:2    | Killed a two-headed ogre
 12459 | Orc:2    | Noticed Snorg
 12613 | Orc:2    | Found a roughly hewn altar of Beogh.
 12622 | Orc:2    | Killed Snorg
 12705 | Orc:2    | Reached skill level 5 in Stealth
 13363 | Orc:2    | Noticed an orc high priest
 13363 | Orc:2    | Noticed an orc high priest
 13364 | Orc:2    | Killed an orc high priest
 13378 | Orc:2    | Killed an orc high priest
 13638 | Orc:2    | Noticed an orc high priest
 13640 | Orc:2    | Killed an orc high priest
 13778 | Orc:2    | Found Uxzimi's Assorted Antiques.
 13778 | Orc:2    | Found Hadwocuh's General Store.
 13780 | Orc:2    | Found Guaxzigh's Book Emporium.
 13780 | Orc:2    | Found Zecin's Food Boutique.
 13803 | Orc:2    | Bought a cyan potion for 27 gold pieces
 13803 | Orc:2    | Bought a scroll labeled TAVUBL BIRISCH for 31 gold pieces
 13803 | Orc:2    | Bought a scroll of identify for 62 gold pieces
 13862 | Elf:1    | Entered Level 1 of the Elven Halls
 13864 | Elf:1    | Reached XP level 13. HP: 91/91 MP: 14/22
 14081 | Lair:1   | Entered Level 1 of the Lair of Beasts
 14151 | Lair:1   | Noticed Harunobu's ghost (novice TrFi)
 14162 | Lair:1   | Offered knowledge of Iron Shot by Vehumet.
 14189 | Lair:1   | Killed Harunobu's ghost
 14310 | Lair:1   | Reached skill level 10 in Stealth
 14412 | Lair:1   | Noticed Grum
 14419 | Lair:1   | Killed Grum
 15251 | Orc:2    | Bought a book of Clouds for 765 gold pieces
 15259 | Orc:2    | Learned a level 6 spell: Freezing Cloud
 15630 | Lair:2   | Noticed Erica
 15647 | Lair:2   | Killed Erica
 15927 | Lair:2   | Reached skill level 5 in Ice Magic
 16583 | Lair:3   | Reached skill level 5 in Air Magic
 16881 | Lair:3   | Offered knowledge of Conjure Ball Lightning by Vehumet.
 17100 | Lair:3   | Found a staircase to the Swamp.
 17237 | Lair:3   | Reached skill level 5 in Dodging
 17261 | Lair:3   | Reached skill level 1 in Armour
 17920 | Lair:4   | Gained mutation: When low on magic, you restore magic in place of health. [demonic ancestry]
 17920 | Lair:4   | Reached XP level 14. HP: 94/98 MP: 22/24
 17984 | Lair:4   | Found a labyrinth entrance.
 18004 | Lair:4   | Found a hole to the Spider Nest.
 18035 | Lair:4   | Noticed Harold
 18081 | Lab      | Entered a labyrinth
 19029 | Lab      | Got a slimy zirconium amulet
 19033 | Lab      | Identified the amulet of Miraqip {Inacc rN+} (You found it in a labyrinth)
 19079 | Lair:4   | Killed Harold
 19119 | Lair:4   | Noticed brujo666's ghost (journeyman DsMo)
 19124 | Lair:4   | Killed brujo666's ghost
 19804 | Lair:5   | Learned a level 6 spell: Conjure Ball Lightning
 20419 | Lair:5   | Reached skill level 10 in Spellcasting
 21038 | Lair:5   | Reached skill level 13 in Conjurations
 21350 | Lair:6   | Entered Level 6 of the Lair of Beasts
 21781 | Lair:6   | Noticed Nessos
 21787 | Lair:6   | Killed Nessos
 21932 | Lair:6   | Found a staircase to the Slime Pits.
 21932 | Lair:6   | Found a viscous altar of Jiyva.
 22113 | Lair:6   | Reached ****** piety under Vehumet
 22203 | Lair:6   | Reached skill level 14 in Conjurations
 22226 | Lair:6   | Offered knowledge of Irradiate by Vehumet.
 22702 | Lair:6   | Reached XP level 15. HP: 73/103 MP: 4/29
 23335 | Slime:1  | Entered Level 1 of the Pits of Slime
 23336 | Slime:1  | Noticed an acid blob
 23343 | Slime:1  | Killed an acid blob
 23353 | Slime:1  | Noticed an acid blob
 24389 | Swamp:1  | Entered Level 1 of the Swamp
 25440 | Swamp:1  | Reached skill level 1 in Hexes
 25509 | Swamp:1  | Noticed Roxanne
 26452 | Swamp:2  | Noticed Louise
 26471 | Swamp:2  | Killed Louise
 26546 | Swamp:2  | Reached skill level 5 in Hexes
 26818 | D:8      | Bought a book of Power for 540 gold pieces
 26827 | D:8      | Learned a level 7 spell: Spellforged Servitor
 27588 | Swamp:3  | Noticed a thorn hunter
 27594 | Swamp:3  | Killed a thorn hunter
 27867 | Swamp:3  | Offered knowledge of Poison Arrow by Vehumet.
 27906 | Swamp:3  | Reached skill level 5 in Summonings
 28211 | Swamp:3  | Gained mutation: You have very sharp fingernails. [demonic ancestry]
 28211 | Swamp:3  | Reached XP level 16. HP: 78/111 MP: 10/30
 28588 | Swamp:3  | Noticed a thorn hunter
 28594 | Swamp:3  | Killed a thorn hunter
 28776 | Swamp:3  | Noticed a thorn hunter
 28789 | Swamp:3  | Killed a thorn hunter
 28968 | Swamp:4  | Entered Level 4 of the Swamp
 29202 | Swamp:4  | Noticed a thorn hunter
 29215 | Swamp:3  | Killed a thorn hunter
 29499 | Swamp:4  | Learned a level 6 spell: Poison Arrow
 30158 | Swamp:4  | Got a decaying rune of Zot
 30241 | Swamp:4  | Reached skill level 5 in Poison Magic
 31607 | D:13     | Offered knowledge of Bolt of Cold by Vehumet.
 32564 | D:14     | Found a flagged portal.
 32571 | Bailey   | Entered a bailey
 32879 | Bailey   | Identified a +1 pair of boots of running (You found it in a bailey)
 32888 | Bailey   | Got a brightly glowing scale mail
 32899 | Bailey   | Identified the +3 scale mail "Boz Rej" {Int+4} (You found it in a bailey)
 33547 | D:14     | Reached XP level 17. HP: 116/125 MP: 34/34
 33756 | D:14     | Found a gate to the Vaults.
 34543 | D:14     | Found a gate to the Vaults.
 34707 | D:15     | Entered Level 15 of the Dungeon
 34714 | D:15     | Reached skill level 10 in Fighting
 34883 | D:15     | Found a staircase to the Depths.
 35010 | D:15     | Noticed Urug
 35023 | D:15     | Killed Urug
 35068 | D:15     | Offered knowledge of Bolt of Fire by Vehumet.
 35359 | D:15     | Reached skill level 15 in Conjurations
 36243 | Spider:1 | Entered Level 1 of the Spider Nest
 37652 | Spider:1 | Offered knowledge of Lehudib's Crystal Spear by Vehumet.
 37652 | Spider:1 | Offered knowledge of Fire Storm by Vehumet.
 37652 | Spider:1 | Offered knowledge of Glaciate by Vehumet.
 38680 | Spider:2 | Reached skill level 10 in Summonings
 38839 | Spider:2 | Found a runed door.
 40135 | Spider:3 | Gained mutation: You have claws for hands. [demonic ancestry]
 40135 | Spider:3 | Reached XP level 18. HP: 134/134 MP: 31/35
 40813 | Spider:3 | Reached skill level 10 in Air Magic
 41016 | Spider:3 | Paralysed by a hornet for 3 turns
 41490 | Spider:4 | Entered Level 4 of the Spider Nest
 43084 | Spider:4 | Reached skill level 10 in Ice Magic
 43308 | Spider:4 | Learned a level 8 spell: Discord
 44139 | Spider:4 | Got a gossamer rune of Zot
 44493 | Spider:4 | HP: 1/201 [wolf spider (16)]
 44494 | Spider:4 | Succumbed to a redback's poison

Vault maps used:
D:1:      lemuel_arrival_broad_hall, hex_tiny
D:2:      minmay_crystal_room
D:3:      nicolae_ru_sacrificial_ziggurat, overflow_temple_1_default,
          serial_co_window_serial, co_window_of_opportunity_a,
          co_window_paths_a, co_window_paths_a, co_window_paths_a,
          co_window_of_opportunity_a, co_window_2corner, co_window_corner_cb,
          co_window_paths_c, co_window_unsneaky_path_e, uniq_sigmund,
          uniq_crazy_yiuf_cottage
D:4:      kennysheep_slug_shrine
D:5:      minmay_temple_entry_glass, first_ration
D:6:      basic_altar
D:8:      minmay_cut_squares, good_gods_temple_1, dpeg_oklobed_lair,
          serial_shops, shop
D:9:      nicolae_overflow_crystal_walls, gammafunk_temple_overflow_statue,
          david_orc_5, the_bakery
D:10:     lemuel_upstairs_altar, basic_altar, uniq_joseph
D:12:     uniq_sonja
D:13:     hangedman_abyss_or_decor_stabs, hangedman_decor_diamond_cutter
D:14:     argonaut_augean_stables, grunt_vaults_entry_tiered, enter_bailey_1,
          serial_column_ruins, column_ruins_grid_1, column_ruins_open_medium,
          column_ruins_grid_1, column_ruins_grid_1, column_ruins_grid_3,
          column_ruins_open_tiny
D:15:     grunt_enter_depths_magical_seal, uniq_urug
Temple:   nicolae_temple_god_jail
Lair:1:   grunt_megastairs_5, uniq_grum
Lair:2:   minmay_holes, minmay_hedge_maze, ldierk_geyser, st_stairs_10,
          hibernation_bobbens, uniq_erica
Lair:3:   regret_index_harrowing_hell_hive, minmay_swamp_entry_swarm,
          serial_bayou_lake_a, serial_bayou_shore_a
Lair:4:   spider_nest_entry_a, lab_entry_generic, serial_bayou_lagoon_a,
          beast_lair_carwin_11, grunt_megastairs_1, uniq_harold
Lair:5:   minmay_lindwurm_lava
Lair:6:   due_jungle_book, slime_altar_1, lemuel_fruit_tree, uniq_nessos
Swamp:1:  serial_swamp_ruin, evilmike_swamp_ruin_house_3,
          evilmike_swamp_ruin_wall, swamp_pool4, infiniplex_staircase_pool_2,
          uniq_roxanne
Swamp:2:  evilmike_swamp_ruin_house_2, uniq_louise
Swamp:3:  evilmike_swamp_ruin_rubble_1, infiniplex_staircase_pool
Swamp:4:  swamp, nicolae_swamp_very_dense_foliage
Spider:2: cheibrodos_spider_deadly_dance
Spider:3: hive_lemuel
Spider:4: grunt_spider_rune_island
Orc:2:    grunt_orc_tribal_feast, basic_altar, uniq_snorg
Elf:1:    eino_elf_arrival_sip, serial_shops, shop_statue, basic_altar,
          minmay_elf_demonology, minmay_elf_sorcery
Bailey:   bailey_polearm_4, bailey

Skill      XL: |  1  2  3  4  5  6  7  8  9 10 11 12 13 14 15 16 17 18 |
---------------+-------------------------------------------------------+-----
Conjurations   | 2 3 5 6 7 9 10 12 14 15 | 15.0
Translocations | 1 2 |  2.0
Poison Magic   | 1 2 4 6 |  6.3
Spellcasting   | 4 6 7 10 13 | 13.0
Air Magic      | 2 3 4 6 8 9 10 | 10.0
Fire Magic     | 2 7 8 9 |  9.7
Fighting       | 4 5 6 9 10 | 10.0
Shields        | 3 4 |  4.1
Short Blades   | 5 7 |  7.0
Ice Magic      | 4 6 8 10 | 10.0
Stealth        | 8 10 | 10.0
Dodging        | 5 |  5.0
Armour         | 2 |  2.1
Hexes          | 5 |  5.0
Summonings     | 5 10 | 10.0

Action                   |  1- 3 |  4- 6 |  7- 9 | 10-12 | 13-15 | 16-18 || total
-------------------------+-------+-------+-------+-------+-------+-------++-------
Melee: Unarmed           |     8 |       |       |       |       |       ||     8
       Short sword       |    82 |    48 |       |       |       |       ||   130
       Dagger            |       |     6 |    77 |       |   524 |   852 ||  1459
       Quarterstaff      |       |       |     4 |       |       |       ||     4
       Trident           |       |       |    77 |   534 |       |       ||   611
 Cast: Magic Dart        |    40 |    47 |   163 |    63 |       |       ||   313
       Mephitic Cloud    |       |     3 |     3 |     3 |     2 |       ||    11
       Conjure Flame     |       |       |    11 |    18 |     2 |       ||    31
       Blink             |       |       |     1 |    20 |    63 |    14 ||    98
       Fireball          |       |       |       |    93 |   284 |   189 ||   566
       Iskenderun's Myst |       |       |       |    30 |    46 |       ||    76
       Freezing Cloud    |       |       |       |       |    24 |    19 ||    43
       Conjure Ball Ligh |       |       |       |       |    46 |    32 ||    78
       Poison Arrow      |       |       |       |       |       |   203 ||   203
       Spellforged Servi |       |       |       |       |       |     7 ||     7
       Ensorcelled Hiber |       |       |       |       |       |     4 ||     4
 Abil: Evoke Flight      |       |       |       |       |     1 |       ||     1
Evoke: Wand              |       |       |     1 |    12 |     9 |    22 ||    44
       Staff of Olgreb   |       |       |       |     1 |       |       ||     1
  Use: Scroll            |       |     2 |     3 |    11 |    16 |    20 ||    52
       Potion            |       |       |       |       |       |    15 ||    15
 Stab: Sleeping          |     2 |     2 |       |    17 |    14 |    35 ||    70
       Confused          |       |     1 |     1 |     1 |       |       ||     3
       Distracted        |       |       |     3 |     2 |     6 |     7 ||    18
  Eat: Chunk             |     2 |     4 |    11 |    46 |    68 |    44 ||   175
       Ration            |       |       |       |     3 |    17 |    26 ||    46
Armor: Robe              |    17 |     7 |    20 |       |       |       ||    44
       Ring mail         |       |       |    31 |   220 |   165 |   347 ||   763
Dodge: Dodged            |    59 |    32 |    79 |   293 |   230 |   458 ||  1151
Block: Buckler           |       |       |       |    45 |   134 |   318 ||   497
       Reflection        |       |       |       |       |       |     7 ||     7

Table legend:
 A = Spawn XP
 B = Non-spawn XP
 C = Spawn XP percentage of total XP
 D = Spawn monster count
 E = Non-spawn monster count
 F = Spawn count percentage of total count
 G = Total turns spent on level
                    A         B        C        D         E        F      G
               +---------+---------+-------+---------+---------+-------+---------
         Total |       0 |  341296 |   0.0 |       0 |    1188 |   0.0 | 44494
               +---------+---------+-------+---------+---------+-------+---------
           D:1 |       0 |      14 |   0.0 |       0 |      10 |   0.0 |   539
           D:2 |       0 |      61 |   0.0 |       0 |      19 |   0.0 |   818
           D:3 |       0 |     322 |   0.0 |       0 |      29 |   0.0 |   941
           D:4 |       0 |     408 |   0.0 |       0 |      16 |   0.0 |   679
           D:5 |       0 |     223 |   0.0 |       0 |       8 |   0.0 |   724
           D:6 |       0 |     570 |   0.0 |       0 |      14 |   0.0 |   542
           D:7 |       0 |    1343 |   0.0 |       0 |      17 |   0.0 |  1298
           D:8 |       0 |    3282 |   0.0 |       0 |      27 |   0.0 |  1812
           D:9 |       0 |    2058 |   0.0 |       0 |      50 |   0.0 |  1585
          D:10 |       0 |    4140 |   0.0 |       0 |      39 |   0.0 |  1587
          D:11 |       0 |    2568 |   0.0 |       0 |      11 |   0.0 |   701
          D:12 |       0 |    7941 |   0.0 |       0 |      52 |   0.0 |  1673
          D:13 |       0 |    3267 |   0.0 |       0 |      24 |   0.0 |  1040
          D:14 |       0 |   20685 |   0.0 |       0 |      68 |   0.0 |  2027
          D:15 |       0 |   22099 |   0.0 |       0 |      49 |   0.0 |  1292
        Lair:1 |       0 |    4989 |   0.0 |       0 |      24 |   0.0 |  1047
        Lair:2 |       0 |    4235 |   0.0 |       0 |      13 |   0.0 |  1347
        Lair:3 |       0 |   17034 |   0.0 |       0 |      87 |   0.0 |  1858
        Lair:4 |       0 |    9957 |   0.0 |       0 |      28 |   0.0 |  2228
        Lair:5 |       0 |   16555 |   0.0 |       0 |      41 |   0.0 |  1412
        Lair:6 |       0 |   21737 |   0.0 |       0 |      49 |   0.0 |  1906
       Swamp:1 |       0 |   11453 |   0.0 |       0 |      29 |   0.0 |  1662
       Swamp:2 |       0 |   13561 |   0.0 |       0 |      24 |   0.0 |  1216
       Swamp:3 |       0 |   25488 |   0.0 |       0 |      42 |   0.0 |  1554
       Swamp:4 |       0 |   28026 |   0.0 |       0 |      55 |   0.0 |  1709
      Spider:1 |       0 |   17700 |   0.0 |       0 |      47 |   0.0 |  1204
      Spider:2 |       0 |   24510 |   0.0 |       0 |      63 |   0.0 |  2434
      Spider:3 |       0 |   15354 |   0.0 |       0 |      46 |   0.0 |  1195
      Spider:4 |       0 |   37062 |   0.0 |       0 |      76 |   0.0 |  2471
       Slime:1 |       0 |    2561 |   0.0 |       0 |       2 |   0.0 |    21
         Orc:1 |       0 |    3135 |   0.0 |       0 |      47 |   0.0 |   948
         Orc:2 |       0 |   11783 |   0.0 |       0 |      59 |   0.0 |  1599
         Elf:1 |       0 |    2355 |   0.0 |       0 |       4 |   0.0 |    20
           Lab |       0 |    1091 |   0.0 |       0 |       1 |   0.0 |   986
        Bailey |       0 |    3729 |   0.0 |       0 |      18 |   0.0 |   361
               +---------+---------+-------+---------+---------+-------+---------
